[Event "Titled Tuesday Blitz April 18 Late 2023"]
[White "Zhigalko_Sergei"]
[Black "Kosteniuk, Alexandra"]
[BlackFideId "4128125"]
[WhiteElo "2899"]
[BlackElo "2453"]
[Result "1-0"]
[Round "11"]
[TimeControl "180+2"]
[Date "2023.04.18"]
[WhiteClock "0:00:03"]
[BlackClock "0:00:08"]

1. e4 c6 2. d4 d5 3. e5 c5 4. Nf3 Nc6 5. dxc5 e6 6. a3 Bxc5 7. b4 Be7 8. Bb2 f6 9. Bb5 Nh6 10. O-O O-O 11. Bxc6 bxc6 12. Re1 c5 13. Nbd2 Ng4 14. exf6 Nxf6 15. bxc5 Bxc5 16. Bd4 Bxd4 17. Nxd4 e5 18. Rxe5 Ng4 19. Re2 Nxh2 20. f3 Qh4 21. c3 Ba6 22. Qe1 Qh6 23. Re6 Rf6 24. Rxf6 gxf6 25. Qe6+ Kh8 26. Qxa6 Qe3+ 27. Kxh2 Qh6+ 28. Kg1 Qe3+ 29. Kf1 Rf8 30. Qe2 Qxc3 31. N2b3 Qc8 32. Re1 Qb8 33. Qe7 Kg8 34. Qe6+ Kh8 35. Qxd5 Qh2 36. Qe4 Qh1+ 37. Kf2 Qh2 38. Rg1 Rg8 39. Ne2 Qb8 40. Nbd4 Qb6 41. Qf4 Re8 42. Rh1 Re7 43. Rh6 Kg7 44. Rh5 Rd7 45. Rb5 Qa6 46. Qg4+ 1-0


[Site "https://www.chess.com"]

[Event "Titled Tuesday Blitz April 18 Late 2023"]
[White "Quesada Perez, Yasser"]
[Black "Djokic, Mihailo"]
[WhiteFideId "3509362"]
[BlackFideId "976440"]
[WhiteElo "2496"]
[BlackElo "2294"]
[Result "1-0"]
[Round "11"]
[TimeControl "180+2"]
[Date "2023.04.18"]
[WhiteClock "0:00:36"]
[BlackClock "0:00:53"]

1. d4 Nf6 2. Bf4 g6 3. e3 Bg7 4. Nf3 O-O 5. h3 d6 6. Be2 Nbd7 7. O-O Qe8 8. Bh2 e5 9. c4 Ne4 10. Nc3 Nxc3 11. bxc3 Qe7 12. a4 a5 13. Rb1 b6 14. c5 bxc5 15. dxe5 Nxe5 16. Bxe5 Bxe5 17. Nxe5 Qxe5 18. Bf3 Ba6 19. Bxa8 Bxf1 20. Bd5 Ba6 21. c4 c6 22. Bxc6 Bxc4 23. Qd2 Rc8 24. Bf3 d5 25. Qxa5 d4 26. exd4 Qxd4 27. Rc1 Be6 28. Bb7 Rb8 29. Qc7 Rd8 30. a5 c4 31. a6 Rd7 32. Qb8+ Rd8 33. a7 Kg7 34. Qxd8 Qxa7 35. Bf3 Qc5 36. Qd2 h5 37. Qc3+ Kh7 38. Ra1 Qg5 39. Ra8 1-0


[Site "https://www.chess.com"]

[Event "Titled Tuesday Blitz April 18 Late 2023"]
[White "Prohaszka, Peter"]
[Black "Costachi, Mihnea"]
[WhiteFideId "726265"]
[BlackFideId "1217518"]
[WhiteElo "2626"]
[BlackElo "2456"]
[Result "0-1"]
[Round "11"]
[TimeControl "180+2"]
[Date "2023.04.18"]
[WhiteClock "0:00:13"]
[BlackClock "0:00:18"]

1. d4 Nf6 2. c3 d5 3. Bf4 g6 4. e3 Bg7 5. Nf3 O-O 6. h4 Bg4 7. Qb3 b6 8. Ne5 c5 9. Nxg4 Nxg4 10. Be2 e5 11. Bg5 f6 12. Bxg4 c4 13. Qb5 Re8 14. Bf4 a6 15. Qa4 exf4 16. Nd2 fxe3 17. fxe3 Rxe3+ 18. Kf2 Bh6 19. Rhe1 b5 20. Qc2 f5 21. Rxe3 Bxe3+ 22. Kxe3 fxg4 23. Nf1 Qxh4 24. Qf2 Qxf2+ 25. Kxf2 Nd7 26. Re1 Kf7 27. Ne3 Nf6 28. Nc2 a5 29. Na3 b4 30. Nb5 Ne4+ 31. Ke3 bxc3 32. b3 cxb3 33. axb3 Rb8 34. Nc7 Rxb3 35. Kd3 Nf6 36. Ne6 Rb2 37. Ng5+ Kg7 38. Re7+ Kh6 39. Nf7+ Kh5 40. Kxc3 Rxg2 41. Kb3 Kh4 42. Ne5 Kg3 43. Rf7 Ne4 44. Rxh7 Rd2 45. Nxg6 Rd3+ 46. Ka4 Rxd4+ 47. Kxa5 Rd1 48. Kb4 d4 49. Re7 Ng5 50. Re5 Nf3 51. Rd5 d3 52. Kc3 d2 53. Kb2 Rc1 54. Ne5 d1=Q 55. Rxd1 Rxd1 56. Kc2 Nxe5 57. Kxd1 Kf2 58. Kd2 g3 59. Kc3 g2 60. Kd4 g1=Q 61. Ke4 Qg2+ 62. Kf5 Qf3+ 63. Ke6 Nd3 64. Kd6 Ne1 65. Ke6 Qf4 66. Kd5 Qe3 67. Kc4 Kf3 68. Kb4 Kf4 69. Kc4 Qd2 70. Kb5 Qc3 71. Kb6 Qc4 72. Kb7 Qc5 73. Ka6 Qb4 74. Ka7 Ke5 75. Ka8 Kd6 76. Ka7 Kc7 0-1


[Site "https://www.chess.com"]

[Event "Titled Tuesday Blitz April 18 Late 2023"]
[White "Averjanov, Alexey"]
[Black "Llorente Zaro, Alfonso"]
[WhiteFideId "14109867"]
[BlackFideId "2254131"]
[WhiteElo "2660"]
[BlackElo "2485"]
[Result "0-1"]
[Round "11"]
[TimeControl "180+2"]
[Date "2023.04.18"]
[WhiteClock "0:01:43"]
[BlackClock "0:00:29"]

1. d4 Nf6 2. c4 e6 3. Nf3 Bb4+ 4. Nbd2 d5 5. Qc2 O-O 6. g3 c5 7. dxc5 Na6 8. a3 Bxd2+ 9. Bxd2 Nxc5 10. Bg2 b6 11. O-O Bb7 12. cxd5 Bxd5 13. Bc3 Rc8 14. Ng5 Bb3 15. Qb1 g6 16. Bxf6 Qxf6 17. Ne4 Nxe4 18. Qxe4 Qxb2 19. Qb7 Qxe2 20. Qxa7 b5 21. Rfe1 Qd2 22. Rab1 Ba4 23. Bf1 Rc3 24. Re2 Qd6 25. Reb2 Rxa3 26. Bxb5 Bxb5 0-1


[Site "https://www.chess.com"]

[Event "Titled Tuesday Blitz April 18 Late 2023"]
[White "Baskakov, Egor"]
[Black "Sabuk, Piotr"]
[WhiteFideId "24197866"]
[BlackFideId "1137565"]
[WhiteElo "2212"]
[BlackElo "2298"]
[Result "0-1"]
[Round "11"]
[TimeControl "180+2"]
[Date "2023.04.18"]
[WhiteClock "0:00:41"]
[BlackClock "0:00:04"]

1. e4 e5 2. Nc3 Nf6 3. g3 Nc6 4. Bg2 Bc5 5. h3 O-O 6. Nge2 Re8 7. O-O Nd4 8. d3 c6 9. Kh2 d5 10. exd5 Nxd5 11. Nxd5 cxd5 12. Nxd4 Bxd4 13. c3 Bb6 14. f4 e4 15. f5 e3 16. Qg4 Qf6 17. d4 e2 18. Bg5 exf1=N+ 19. Rxf1 Qd6 20. Bf4 Qc6 21. Qh5 Bd7 22. c4 Qxc4 23. f6 Qxd4 24. fxg7 Be6 25. Be5 Qd3 26. Rf3 Qg6 27. Qh4 Bxh3 28. Rf6 Qg4 29. Bxd5 Qxh4 30. Bxf7+ Kxg7 31. Bc3 Re2+ 32. Rf2+ Kh6 33. Rxe2 Qg4 34. Rd2 Rd8 35. Rc2 Bg1+ 36. Kh1 Rd1 0-1


[Site "https://www.chess.com"]

[Event "Titled Tuesday Blitz April 18 Late 2023"]
[White "Gubajdullin, Alexei"]
[Black "Smirnov, Pavel"]
[WhiteFideId "4141202"]
[BlackFideId "4123425"]
[WhiteElo "2279"]
[BlackElo "2519"]
[Result "1-0"]
[Round "11"]
[TimeControl "180+2"]
[Date "2023.04.18"]
[WhiteClock "0:00:12"]
[BlackClock "0:00:02"]

1. c4 e6 2. Nf3 d5 3. b3 Nf6 4. g3 Be7 5. Bg2 O-O 6. O-O c5 7. e3 Nc6 8. Nc3 d4 9. exd4 cxd4 10. Nb5 a6 11. Na3 e5 12. Re1 e4 13. Ng5 Bg4 14. f3 exf3 15. Bxf3 Bxf3 16. Nxf3 d3 17. Kg2 Bc5 18. Nb1 Ng4 19. Ba3 Bxa3 20. Nxa3 Qb6 21. Re4 Nf2 22. Qg1 Qb4 23. Qxf2 Qxa3 24. Qe3 Qb2 25. Rf1 Qxa2 26. Qxd3 a5 27. Qc3 a4 28. b4 Qb3 29. Qxb3 axb3 30. Rb1 Ra3 31. Re3 Nxb4 32. Rexb3 Rxb3 33. Rxb3 Nc6 34. Rxb7 Rc8 35. d4 Na5 36. Rd7 Nxc4 37. Ng5 Ne3+ 38. Kf3 Nc2 39. d5 h6 40. Ne4 f5 41. Nd6 Rc3+ 42. Kf4 g6 43. Ke5 Nb4 44. Ne8 Re3+ 45. Kf6 Rxe8 46. Kxg6 Nd3 47. Kxh6 Ne5 48. Rc7 Ng4+ 49. Kg5 Nxh2 50. d6 Kf8 51. d7 Rd8 52. Kxf5 Nf3 53. Kf6 Nd4 54. Rc8 Nc6 55. Rxc6 1-0


[Site "https://www.chess.com"]

[Event "Titled Tuesday Blitz April 18 Late 2023"]
[White "Gaehwiler, Gabriel"]
[Black "Lenaerts, Lennert"]
[WhiteFideId "1314530"]
[BlackFideId "211435"]
[WhiteElo "2437"]
[BlackElo "2334"]
[Result "1-0"]
[Round "11"]
[TimeControl "180+2"]
[Date "2023.04.18"]
[WhiteClock "0:00:33"]
[BlackClock "0:00:48"]

1. d4 d5 2. c4 c6 3. Nf3 Nf6 4. Nc3 dxc4 5. a4 Bf5 6. Ne5 Nbd7 7. Nxc4 Nb6 8. Ne3 e6 9. Nxf5 exf5 10. g3 a5 11. Bg2 Be7 12. O-O O-O 13. Bg5 Re8 14. Bxf6 Bxf6 15. e3 Rc8 16. Qb3 Re7 17. Rfd1 g6 18. Rd3 Rd7 19. Rdd1 Be7 20. Ne2 Bb4 21. Nf4 Nd5 22. Bxd5 cxd5 23. Rac1 Rc6 24. Rxc6 bxc6 25. Rc1 Rd6 26. Nd3 Qb6 27. Ne5 f6 28. Nd3 Rd7 29. Qc2 Rc7 30. Qb3 Kf7 31. Kg2 Rb7 32. Qc2 Rc7 33. h4 Bd6 34. h5 Ke6 35. Qc3 Qa6 36. Rc2 g5 37. Qd2 Kd7 38. Qe2 Rb7 39. Nc5+ 1-0


[Site "https://www.chess.com"]

[Event "Titled Tuesday Blitz April 18 Late 2023"]
[White "Rozman, Levy"]
[Black "mrithyunjay"]
[WhiteFideId "2039877"]
[WhiteElo "2376"]
[BlackElo "2515"]
[Result "0-1"]
[Round "11"]
[TimeControl "180+2"]
[Date "2023.04.18"]
[WhiteClock "0:00:03"]
[BlackClock "0:01:04"]

1. e4 c5 2. Nc3 g6 3. d4 cxd4 4. Qxd4 Nf6 5. Nf3 Nc6 6. Qd3 d6 7. Nd5 Bg7 8. c3 O-O 9. Bg5 Nxd5 10. exd5 Ne5 11. Nxe5 dxe5 12. O-O-O h6 13. Be3 f5 14. f4 e4 15. Qc4 Kh7 16. h4 h5 17. Qb4 b6 18. Bd4 Qd6 19. Be3 Bb7 20. Kb1 Qxb4 21. cxb4 Rac8 22. Bb5 Rfd8 23. Bc6 Bxc6 24. dxc6 Rxd1+ 25. Rxd1 Rxc6 26. Rd7 Rd6 27. Rxe7 Rd3 28. Bc1 a5 29. b5 Kh6 30. Kc2 Rg3 31. Re6 Rxg2+ 32. Kb3 Bd4 33. Rd6 Bc5 34. Rc6 e3 35. Re6 Rg1 36. Bxe3 Re1 37. Bxc5 Rxe6 38. Bd4 Rd6 39. Kc4 Kh7 40. a4 Kg8 41. b4 axb4 42. Be5 Re6 43. Kxb4 g5 44. hxg5 h4 0-1


[Site "https://www.chess.com"]

[Event "Titled Tuesday Blitz April 18 Late 2023"]
[White "Anton Guijarro, David"]
[Black "Rosen, Eric"]
[WhiteFideId "2285525"]
[BlackFideId "2032562"]
[WhiteElo "2618"]
[BlackElo "2331"]
[Result "1-0"]
[Round "11"]
[TimeControl "180+2"]
[Date "2023.04.18"]
[WhiteClock "0:00:12"]
[BlackClock "0:00:03"]

1. d4 d5 2. Nf3 Nf6 3. e3 c5 4. Be2 Nc6 5. O-O cxd4 6. exd4 Bf5 7. Nh4 Bg6 8. c3 e6 9. g3 Bd6 10. Nd2 Qc7 11. a4 O-O-O 12. a5 Kb8 13. a6 b6 14. Nb1 Bxb1 15. Rxb1 Ne4 16. Bd3 g5 17. Nf3 h6 18. Re1 f5 19. Qe2 Rdg8 20. Bd2 Qe7 21. Bb5 Qc7 22. Rbc1 g4 23. Nh4 f4 24. Bxc6 Qxc6 25. c4 Ng5 26. c5 bxc5 27. Bxf4 Nh3+ 28. Kf1 Bxf4 29. Rxc5 Qd7 30. gxf4 Ka8 31. Qxe6 Qxe6 32. Rxe6 Nxf4 33. Re7 Re8 34. Nf5 Rxe7 35. Nxe7 Rb8 36. Nxd5 Nxd5 37. Rxd5 Rxb2 38. Rd8+ Rb8 39. Rd6 Rb6 40. Rxb6 axb6 41. d5 Ka7 42. d6 Kxa6 43. d7 Ka7 44. d8=Q g3 45. fxg3 h5 46. Ke2 h4 47. gxh4 Kb7 48. h5 Ka7 49. h6 Kb7 50. h7 1-0


[Site "https://www.chess.com"]

[Event "Titled Tuesday Blitz April 18 Late 2023"]
[White "Vlassov, Nikolai"]
[Black "Grigoriants, Sergey"]
[WhiteFideId "4103360"]
[BlackFideId "4130804"]
[WhiteElo "2324"]
[BlackElo "2502"]
[Result "1/2-1/2"]
[Round "11"]
[TimeControl "180+2"]
[Date "2023.04.18"]
[WhiteClock "0:00:11"]
[BlackClock "0:00:12"]

1. e4 c6 2. d4 d5 3. e5 Bf5 4. Nc3 e6 5. g4 Bg6 6. Nge2 c5 7. Be3 Nc6 8. dxc5 Nxe5 9. Nf4 Nc6 10. Bb5 a6 11. Ba4 Qa5 12. Qe2 Bxc5 13. Bxc5 Qxc5 14. Nfxd5 O-O-O 15. Qe3 Rxd5 16. Nxd5 Qxd5 17. Bxc6 Qxc6 18. O-O Nf6 19. h3 h5 20. g5 Nd5 21. Qe5 f6 22. Qg3 h4 23. Qg2 Nf4 24. Qxc6+ bxc6 25. gxf6 gxf6 26. Kh2 Bxc2 27. Rfc1 Be4 28. Rc4 Rd8 29. Rxe4 e5 30. Rc1 Kc7 31. Rc2 Rd3 32. Re3 Rd4 33. Rec3 Rd6 34. f3 Kb6 35. Rb3+ Kc7 36. Ra3 Kb6 37. Rb3+ Kc7 38. Ra3 Kb6 39. Rb3+ 1/2-1/2


[Site "https://www.chess.com"]

[Event "Titled Tuesday Blitz April 18 Late 2023"]
[White "Indjic, Aleksandar"]
[Black "Sanchez Alvares, Kelvin Antonio"]
[WhiteFideId "911925"]
[BlackFideId "3906680"]
[WhiteElo "2614"]
[BlackElo "2217"]
[Result "1-0"]
[Round "11"]
[TimeControl "180+2"]
[Date "2023.04.18"]
[WhiteClock "0:02:25"]
[BlackClock "0:02:39"]

1. e4 e5 2. Nf3 Nc6 3. Nc3 Bc5 4. Nxe5 Nxe5 5. d4 Bd6 6. dxe5 Bxe5 7. Bd3 Nf6 8. O-O d6 9. h3 O-O 10. Bd2 Bd4 11. Qf3 Nd7 12. Qg3 Ne5 13. Be2 Be6 14. Rad1 Qf6 15. Bg5 1-0


[Site "https://www.chess.com"]

[Event "Titled Tuesday Blitz April 18 Late 2023"]
[White "Timmermans, Mark"]
[Black "Omranalhosani21"]
[WhiteFideId "1026399"]
[WhiteElo "2460"]
[BlackElo "2587"]
[Result "0-1"]
[Round "11"]
[TimeControl "180+2"]
[Date "2023.04.18"]
[WhiteClock "0:00:45"]
[BlackClock "0:00:30"]

1. Nf3 Nf6 2. c4 e6 3. b3 d5 4. e3 Be7 5. Bb2 O-O 6. Be2 c5 7. O-O Nc6 8. cxd5 Nxd5 9. d4 Bf6 10. Bb5 cxd4 11. Bxc6 bxc6 12. Bxd4 c5 13. Bxf6 Qxf6 14. Nbd2 Ba6 15. Re1 Nb4 16. Ne4 Qe7 17. Qd6 Qxd6 18. Nxd6 Nc2 19. Rec1 Nxa1 20. Rxa1 Rfd8 21. Ne4 Rac8 22. Ne5 f6 23. Nc4 Bxc4 24. bxc4 Kf7 25. g4 h6 26. Rb1 Rb8 27. Rc1 Rb2 28. a4 Rdb8 29. Kg2 Ra2 30. Nxc5 Ke7 31. Rc3 Rbb2 32. Nd3 Rb8 33. c5 Rxa4 34. h3 Rc8 35. Kf3 a5 36. c6 Rc7 37. Nf4 Rb4 38. Rc5 a4 39. Nd3 Rb3 40. Nf4 a3 41. h4 Kd6 42. Ra5 Kxc6 43. Ne2 Kb6 44. Ra4 Ra7 45. Re4 a2 46. Rxe6+ Ka5 47. Nd4 Rb6 48. Re7 Rxe7 0-1


[Site "https://www.chess.com"]

[Event "Titled Tuesday Blitz April 18 Late 2023"]
[White "Hajiyev, Kanan"]
[Black "Goltsev, Dmitry"]
[WhiteFideId "13404148"]
[BlackFideId "24176710"]
[WhiteElo "2103"]
[BlackElo "2336"]
[Result "0-1"]
[Round "11"]
[TimeControl "180+2"]
[Date "2023.04.18"]
[WhiteClock "0:00:04"]
[BlackClock "0:00:22"]

1. d4 Nf6 2. Nf3 e6 3. c4 b6 4. g3 Ba6 5. Nbd2 Bb4 6. Qc2 O-O 7. Bg2 d5 8. O-O c6 9. Ne5 Bd6 10. b3 Nfd7 11. f4 f6 12. Nd3 Qe7 13. Bb2 Kh8 14. e4 Bb7 15. e5 Bc7 16. cxd5 exd5 17. Bxd5 Nxe5 18. dxe5 cxd5 19. exf6 gxf6 20. Rae1 Qg7 21. Re6 Na6 22. Rfe1 Rac8 23. Qd1 Nc5 24. Re7 Rf7 25. Re8+ Rf8 26. R1e7 Rcxe8 27. Rxg7 Kxg7 28. Nxc5 bxc5 29. Qg4+ Kh8 30. Qd7 Rc8 31. Qe7 Kg8 32. Nf3 Rf7 33. Qe6 Bb6 34. Bxf6 Rc6 35. Qe8+ Rf8 36. Qe7 Rfxf6 37. Qxb7 c4+ 38. Kg2 c3 39. Ne5 c2 40. Nxc6 c1=Q 41. Ne7+ Kf8 42. Nxd5 Qc2+ 43. Kh3 Rh6+ 44. Kg4 Qe2+ 45. Kf5 Qe6+ 46. Kg5 Qg6# 0-1


[Site "https://www.chess.com"]

[Event "Titled Tuesday Blitz April 18 Late 2023"]
[White "Liu, Eric"]
[Black "Mekhitarian, Krikor Sevag"]
[WhiteFideId "30960240"]
[BlackFideId "2107660"]
[WhiteElo "2094"]
[BlackElo "2604"]
[Result "1-0"]
[Round "11"]
[TimeControl "180+2"]
[Date "2023.04.18"]
[WhiteClock "0:00:07"]
[BlackClock "0:00:11"]

1. b3 Nf6 2. Bb2 b6 3. e3 Bb7 4. h4 e6 5. h5 h6 6. c4 d5 7. Nf3 Be7 8. d3 c5 9. Nbd2 Nc6 10. Ne5 Qc7 11. Ndf3 O-O 12. Nxc6 Bxc6 13. Be2 Bd6 14. cxd5 exd5 15. d4 Ne4 16. Rc1 Qe7 17. Ne5 Bxe5 18. dxe5 Rad8 19. Bf3 Ng5 20. O-O Rfe8 21. Qe2 a5 22. Bg4 Qb7 23. f4 Ne4 24. Rfd1 Qe7 25. Bf3 Ng3 26. Qf2 Nf5 27. g4 Nh4 28. Bh1 Ba8 29. Rc2 d4 30. e4 g5 31. hxg6 fxg6 32. Bc1 g5 33. fxg5 hxg5 34. Qd2 Qxe5 35. Qxg5+ Qxg5 36. Bxg5 Ng6 37. Bxd8 Rxd8 38. Rf2 Kg7 39. g5 Ne5 40. Rf6 Bc6 41. Re6 Re8 42. Rxe8 Bxe8 43. Kf2 a4 44. Bg2 Bf7 45. Rb1 a3 46. Bf1 Bg6 47. Re1 Kf7 48. Bc4+ Ke7 49. Rh1 Nc6 50. Rh8 Bxe4 51. Rc8 Nb4 52. Rc7+ Kd6 53. Ra7 Nxa2 54. Rxa3 Nb4 55. Ra7 Nd5 56. Bxd5 Kxd5 57. Rd7+ Ke6 58. Rd8 b5 59. Rb8 Bd3 60. g6 Bxg6 61. Rxb5 Kd6 62. Rb6+ Kd5 63. Rxg6 Ke4 64. Rg3 Kf4 65. Rh3 Ke4 66. Ke2 Kd5 67. Kd3 Kd6 68. Rh5 Kc6 69. Kc4 Kb6 70. Rxc5 d3 71. Rb5+ Ka6 72. Rd5 1-0


[Site "https://www.chess.com"]

[Event "Titled Tuesday Blitz April 18 Late 2023"]
[White "Lorenzo De La Riva, Lazaro"]
[Black "Bilych, Olexiy"]
[WhiteFideId "2268809"]
[BlackFideId "14156504"]
[WhiteElo "2294"]
[BlackElo "2320"]
[Result "0-1"]
[Round "11"]
[TimeControl "180+2"]
[Date "2023.04.18"]
[WhiteClock "0:00:01"]
[BlackClock "0:00:15"]

1. Nf3 d5 2. g3 c5 3. Bg2 Nc6 4. O-O e5 5. d3 Bd6 6. a3 Nge7 7. c4 d4 8. b4 cxb4 9. Nbd2 bxa3 10. Bxa3 O-O 11. Qa4 a5 12. Bxd6 Qxd6 13. Ne4 Qc7 14. Ne1 Nb4 15. Nc2 Bd7 16. Qb3 Nec6 17. Nc5 Ra7 18. Nxd7 Qxd7 19. Na3 b6 20. Nb5 Raa8 21. f4 exf4 22. Rxf4 Rae8 23. Re4 Rxe4 24. Bxe4 g6 25. Rf1 Kg7 26. Qb2 Re8 27. Rf4 f5 28. Bg2 Qe7 29. Bf3 Qe5 30. h4 Rd8 31. Kg2 h6 32. Bxc6 Nxc6 33. Rf2 a4 34. Qa3 Ra8 35. Qb2 Qc5 36. Na3 Qb4 37. Qa1 Qc3 38. Qa2 Nb4 39. Qb1 Qxa3 40. g4 Qb3 41. Qf1 Nc2 42. Qg1 Ne3+ 43. Kh3 fxg4+ 44. Kh2 Qb4 45. Qg3 Qe7 46. h5 g5 0-1


[Site "https://www.chess.com"]

[Event "Titled Tuesday Blitz April 18 Late 2023"]
[White "WindWhistler11"]
[Black "Tregubov, Pavel V."]
[BlackFideId "4115341"]
[WhiteElo "2456"]
[BlackElo "2425"]
[Result "1/2-1/2"]
[Round "11"]
[TimeControl "180+2"]
[Date "2023.04.18"]
[WhiteClock "0:00:08"]
[BlackClock "0:00:12"]

1. e4 c5 2. Nf3 e6 3. b3 Nc6 4. Bb2 a6 5. g3 d5 6. exd5 exd5 7. Bg2 Qe7+ 8. Kf1 Nf6 9. d4 Bf5 10. Nc3 O-O-O 11. Na4 cxd4 12. Nxd4 Nxd4 13. Qxd4 Kb8 14. Qf4+ Qc7 15. Qxf5 b5 16. Nc3 Bb4 17. Qd3 Rhe8 18. a4 Ne4 19. Bxe4 dxe4 20. Qe3 Bc5 21. Qf4 Qxf4 22. gxf4 Rd2 23. Nd1 bxa4 24. Bxg7 Rxc2 25. bxa4 Rd8 26. Rb1+ Ka7 27. Ne3 Bxe3 28. fxe3 Rdd2 29. Bd4+ Ka8 30. Rg1 Rf2+ 31. Ke1 Rfe2+ 32. Kd1 Red2+ 33. Ke1 Re2+ 34. Kf1 Rf2+ 35. Ke1 Rfe2+ 1/2-1/2


[Site "https://www.chess.com"]

[Event "Titled Tuesday Blitz April 18 Late 2023"]
[White "Aldokhin, Ivan"]
[Black "Qiao, Cindy"]
[WhiteFideId "24115720"]
[BlackFideId "2620243"]
[WhiteElo "2322"]
[BlackElo "1777"]
[Result "1/2-1/2"]
[Round "11"]
[TimeControl "180+2"]
[Date "2023.04.18"]
[WhiteClock "0:00:06"]
[BlackClock "0:00:55"]

1. e4 c5 2. Nf3 d6 3. d4 cxd4 4. Nxd4 Nf6 5. Nc3 g6 6. Bc4 Bg7 7. Bb3 Nc6 8. Be3 Ng4 9. Nxc6 bxc6 10. Bd2 O-O 11. h3 Ne5 12. f4 Nd7 13. O-O Qb6+ 14. Kh1 Nc5 15. f5 Nxb3 16. axb3 Bb7 17. Bg5 Rfe8 18. f6 exf6 19. Bxf6 d5 20. Bxg7 Kxg7 21. Qf3 Qc7 22. Rad1 dxe4 23. Nxe4 c5 24. Qf6+ Kg8 25. Nd6 Re7 26. Nxb7 Qxb7 27. Rf3 Rae8 28. Rdf1 Qd5 29. c4 Qb7 30. h4 h5 31. Qg5 Re5 32. Qf6 R5e7 33. Qf4 Kg7 34. R1f2 Rf8 35. Qd6 Qc7 36. Qf6+ Kg8 37. Rf5 Re1+ 38. Rf1 Rxf1+ 39. Rxf1 Qg3 40. Rf3 Qe1+ 41. Kh2 Qe4 42. Rf4 Qc2 43. Rf3 Qe4 44. Rg3 Kh7 45. Rf3 Kg8 1/2-1/2


[Site "https://www.chess.com"]

[Event "Titled Tuesday Blitz April 18 Late 2023"]
[White "Barria Santos, Jose Guilherme"]
[Black "Kleiman, Jake"]
[WhiteFideId "1939300"]
[BlackFideId "2020041"]
[WhiteElo "2266"]
[BlackElo "2615"]
[Result "0-1"]
[Round "11"]
[TimeControl "180+2"]
[Date "2023.04.18"]
[WhiteClock "0:00:01"]
[BlackClock "0:00:14"]

1. e4 d6 2. d4 Nf6 3. Nc3 e5 4. Nf3 Nbd7 5. Bc4 Be7 6. O-O O-O 7. Re1 c6 8. h3 h6 9. Be3 b5 10. Bd3 Bb7 11. dxe5 dxe5 12. Ne2 Qc7 13. Ng3 Bc5 14. Nf5 Kh7 15. Qe2 Rad8 16. Rad1 Rfe8 17. g4 Bxe3 18. Qxe3 Ng8 19. g5 g6 20. gxh6 Ndf6 21. Ng5+ Kh8 22. Ng3 a6 23. h4 Ng4 24. Qf3 N4xh6 25. h5 Qe7 26. hxg6 fxg6 27. Qe3 Rf8 28. Kg2 Ng4 29. Rh1+ N8h6 30. Rxh6+ Nxh6 31. Rh1 Kg7 32. Ne6+ Qxe6 33. Qxh6+ Kf7 34. Qh7+ Ke8 35. Qxb7 c5 36. Rh7 c4 37. Be2 Rf7 38. Rh8+ Rf8 39. Rxf8+ Kxf8 40. Qh7 Qf6 41. Bg4 Qg7 42. Qh4 Rd6 43. Qg5 Qf6 44. Qh6+ Kg8 45. Qh3 Rd2 46. Nh1 Qf4 47. Be6+ Kg7 0-1


[Site "https://www.chess.com"]

[Event "Titled Tuesday Blitz April 18 Late 2023"]
[White "Petrovic, Aleksa"]
[Black "Spata, German"]
[WhiteFideId "967629"]
[BlackFideId "113026"]
[WhiteElo "2309"]
[BlackElo "2238"]
[Result "0-1"]
[Round "11"]
[TimeControl "180+2"]
[Date "2023.04.18"]
[WhiteClock "0:00:02"]
[BlackClock "0:00:21"]

1. d4 d5 2. c4 c6 3. Nc3 Nf6 4. e3 a6 5. Nf3 b5 6. b3 Bg4 7. Be2 e6 8. O-O Nbd7 9. Bb2 Bd6 10. h3 Bh5 11. a4 b4 12. Nb1 a5 13. c5 Bc7 14. Nbd2 O-O 15. Qb1 Re8 16. Qa2 Bxf3 17. Nxf3 e5 18. Rae1 Rb8 19. Ba1 Qe7 20. Bd1 e4 21. Nd2 Nf8 22. f4 exf3 23. Bxf3 Rbd8 24. e4 Bg3 25. Re2 dxe4 26. Nxe4 Nxe4 27. Bxe4 Qd7 28. Qc2 Ng6 29. Rf3 Bb8 30. Ref2 Re7 31. Rf1 Rde8 32. Bd3 Qc7 33. g3 Re3 34. Bc4 Rxf3 35. Rxf3 Rf8 36. Qf5 Qe7 37. Kf2 Bc7 38. Re3 Qd8 39. d5 cxd5 40. Qxd5 Qc8 41. g4 Nf4 42. Qf5 Qd8 43. Kf3 Qd1+ 44. Ke4 Qb1+ 45. Kf3 Qh1+ 46. Kg3 Qg2+ 47. Kh4 Ng6+ 48. Kh5 Nf4+ 49. Kh4 Ng6+ 50. Kh5 Qc6 51. g5 Nf4+ 52. Kg4 Qg2+ 53. Kh4 Ng6+ 54. Kh5 Nf4+ 55. Kh4 Qf2+ 56. Kg4 Ne6 57. Bxe6 Qg2+ 58. Kh4 fxe6 59. Qxe6+ Kh8 60. Qe4 Qf2+ 61. Kg4 h5+ 62. gxh6 Rf4+ 63. Kh5 Rxe4 64. Bxg7+ Kg8 65. Rxe4 Qf5+ 66. Kh4 Qxe4+ 0-1


[Site "https://www.chess.com"]

[Event "Titled Tuesday Blitz April 18 Late 2023"]
[White "Matinian, Nikita"]
[Black "Mikhalsky, Vladimir"]
[WhiteFideId "24129100"]
[BlackFideId "14144352"]
[WhiteElo "2422"]
[BlackElo "2236"]
[Result "1-0"]
[Round "11"]
[TimeControl "180+2"]
[Date "2023.04.18"]
[WhiteClock "0:01:37"]
[BlackClock "0:00:47"]

1. e4 g6 2. d4 Bg7 3. Nc3 d6 4. f4 Nf6 5. Nf3 O-O 6. e5 Nfd7 7. Bc4 c5 8. h4 cxd4 9. Qxd4 Qb6 10. Be3 Qxd4 11. Bxd4 Nc6 12. O-O-O Nxd4 13. Nxd4 dxe5 14. Nf3 Nb6 15. Bb3 exf4 16. h5 Bg4 17. hxg6 hxg6 18. Rh4 Bxf3 19. gxf3 Bxc3 20. bxc3 e5 21. a4 Rac8 22. Rdh1 Kg7 23. Rh7+ Kf6 24. Rd1 Rxc3 25. Rd6+ Kg5 26. Bxf7 Rfc8 27. Rxg6+ Kf5 28. Rh5# 1-0


[Site "https://www.chess.com"]

[Event "Titled Tuesday Blitz April 18 Late 2023"]
[White "Martinez Ramirez, Lennis"]
[Black "Jovic, Stanoje"]
[WhiteFideId "3509079"]
[BlackFideId "905020"]
[WhiteElo "2410"]
[BlackElo "2236"]
[Result "0-1"]
[Round "11"]
[TimeControl "180+2"]
[Date "2023.04.18"]
[WhiteClock "0:00:36"]
[BlackClock "0:00:51"]

1. b3 Nf6 2. Bb2 e6 3. g3 Be7 4. Bg2 O-O 5. Nf3 c5 6. O-O d5 7. d3 Nc6 8. Nbd2 b5 9. e4 a5 10. e5 Nd7 11. c4 bxc4 12. dxc4 Nb6 13. cxd5 exd5 14. Rc1 a4 15. a3 axb3 16. Nxb3 Na4 17. Ba1 Be6 18. h4 h6 19. Re1 Qb6 20. Nfd2 c4 21. Nxc4 dxc4 22. Nd4 Nxd4 23. Bxd4 Qb3 24. Re3 Qxd1+ 25. Rxd1 Rfd8 26. Bxa8 Rxa8 27. Kf1 Rc8 28. Rc1 Bf5 29. f3 h5 30. Kf2 Kf8 31. Ba1 Bc5 32. Ke2 Bxe3 33. Kxe3 Bd3 34. Bd4 Rb8 35. g4 Rb3 36. Kf4 hxg4 37. fxg4 Rxa3 38. Re1 Ke7 39. h5 Ke6 40. g5 Nc3 41. Bc5 Nd5+ 42. Kf3 Rb3 43. Bf8 Bg6+ 44. Kg4 Bf5+ 45. Kh4 Rh3# 0-1


[Site "https://www.chess.com"]

[Event "Titled Tuesday Blitz April 18 Late 2023"]
[White "Shapiro, Viktor"]
[Black "Pinheiro, Iung Alicio de O."]
[WhiteFideId "4175700"]
[BlackFideId "2104350"]
[WhiteElo "2152"]
[BlackElo "2283"]
[Result "1-0"]
[Round "11"]
[TimeControl "180+2"]
[Date "2023.04.18"]
[WhiteClock "0:00:11"]
[BlackClock "0:00:10"]

1. c4 c5 2. Nc3 Nc6 3. g3 g6 4. Bg2 Bg7 5. Nf3 d6 6. O-O Be6 7. d3 Qc8 8. h4 Bh3 9. a3 h6 10. Rb1 g5 11. Bd2 gxh4 12. Nxh4 Bf6 13. Nf3 h5 14. Ne4 h4 15. e3 hxg3 16. fxg3 Bxg2 17. Kxg2 Qh3+ 18. Kf2 Nh6 19. Qe2 Ng4+ 20. Ke1 Nce5 21. Nxe5 Bxe5 22. Kd1 Nf6 23. Nxf6+ Bxf6 24. b4 cxb4 25. Rxb4 b6 26. Qf3 Rd8 27. Rb5 Rg8 28. Be1 Qg4 29. Qxg4 Rxg4 30. Ke2 Be5 31. d4 Bf6 32. Rh1 Kd7 33. Rh7 Bg7 34. Kf3 Rg6 35. Rf5 Rf8 36. g4 Ke8 37. a4 Bf6 38. Bh4 Bxh4 39. Rxh4 Rfg8 40. a5 e6 41. Rb5 Rf6+ 42. Ke2 Rfg6 43. axb6 axb6 44. Rxb6 Rxg4 45. Rxg4 Rxg4 46. Rxd6 Ke7 47. Rb6 Rg2+ 48. Kd3 Ra2 49. c5 Ra1 50. Ke4 Rc1 51. Rb7+ Kf6 52. Rd7 Rc2 53. Kf3 Rc3 54. Rc7 Rc2 55. c6 Kg6 56. Ke4 Kf6 57. Kf4 Rc4 58. Kf3 Rc2 59. Kg3 Kg6 60. Kf4 f6 61. Kf3 Rc3 62. Ke2 Kf5 63. Kd2 Rc4 64. Kd3 Rc1 65. Rc8 Rd1+ 66. Kc4 Rc1+ 67. Kb5 Ke4 68. Re8 Kd5 69. Rd8+ Ke4 70. Kb6 Rb1+ 71. Kc7 Kxe3 72. Rd6 e5 73. d5 f5 74. Re6 e4 75. d6 f4 76. d7 Rd1 77. Rd6 Rxd6 78. Kxd6 f3 79. d8=Q f2 80. Qf6 Ke2 81. Qb2+ Kf3 82. Qf6+ Ke2 83. Kd5 e3 84. Kd4 Kd2 85. Qf4 Kd1 86. Kxe3 f1=Q 87. Qxf1+ Kc2 88. c7 Kb2 89. c8=Q Ka3 90. Qfa6+ Kb2 91. Qab7+ Ka3 92. Qca8# 1-0


[Site "https://www.chess.com"]